AoeStats
← Green Assassin

African Clearing

506741460Analyzed
4v4 RM · 16d ago on Sep 14, 2026· 52m 2s· 8 players
Game mode
Random Map
Map size
Large (8 player)
Population
200
Speed
Normal
Resources
Standard
Victory
Conquest
Starting age
Dark Age
Ending age
Imperial Age
RankedLock teamsTeams togetherTeam positionsShared explorationLock speedFull tech treeHidden civsTurbo modeCheats
Victory
Defeat
🇵🇦 Dravidians · Panama
1198
+14
🇩🇪 Burgundians · Germany
1170
+15
🇲🇽 Aztecs · Mexico
1162
+16
1139
+17
🇧🇷 Persians · Brazil
1208
-17
🇧🇷 Vikings · Brazil
1207
-18
🇧🇷 Chinese · Brazil
1168
-16
🇧🇷 Ethiopians · Brazil
1043
-11
Tlacaelel.MX
4:33 Loom
14:38 Feudal Age
15:36 Double-Bit Axe
16:31 Wheelbarrow
15:56 Man-at-Arms
20:58 Arson
22:16 Town Watch
25:41 Fletching
31:25 Castle Age
31:25 Long Swordsman
32:05 Gambesons
31:46 Crossbowman
32:56 Squires
32:54 Elite Skirmisher
33:37 Padded Archer Armor
37:18 Horse Collar
38:37 Scale Mail Armor
40:12 Bodkin Arrow
40:51 Chain Mail Armor
41:31 Heavy Plow
42:18 Hand Cart
42:36 Forging
43:08 Ballistics
44:10 Iron Casting
43:50 Leather Archer Armor
46:18 Bow Saw
47:26 Murder Holes
49:27 Guard Tower
53:02 Imperial Age
50:21 Treadmill Crane
50:33 Pikeman
beliyo.iam
3:13 Loom
3:41 Loom
14:01 Feudal Age
15:06 Double-Bit Axe
25:49 Castle Age
25:51 Fletching
27:18 Pikeman
29:24 Bodkin Arrow
44:28 Squires
45:56 Wheelbarrow
45:06 Town Watch
47:01 Hand Cart
47:07 Padded Archer Armor
47:07 Scale Mail Armor
47:43 Horse Collar
49:04 Chain Mail Armor
52:00 Imperial Age
51:55 Bow Saw
Green Assassin
4:08 Loom
9:35 Wheelbarrow
9:42 Wheelbarrow
11:32 Double-Bit Axe
14:10 Feudal Age
13:15 Horse Collar
22:14 Castle Age
20:20 Heavy Plow
21:03 Bow Saw
20:50 Gold Mining
22:22 Scale Barding Armor
22:35 Forging
24:09 Husbandry
30:05 Burgundian Vineyards
35:00 Gold Shaft Mining
39:09 Imperial Age
36:36 Stone Mining
38:20 Iron Casting
38:10 Chain Barding Armor
40:20 Conscription
40:23 Elite Coustillier
43:17 Blast Furnace
43:01 Plate Barding Armor
45:13 Hoardings
44:43 Pikeman
45:23 Squires
45:08 Arson
45:28 Scale Mail Armor
45:55 Halberdier
50:47 Two-Man Saw
50:52 Chemistry
50:17 Ballistics
42 aldeanos fueron a lo del tano
9:54 Loom
13:13 Feudal Age
16:23 Scale Barding Armor
16:28 Forging
22:26 Castle Age
28:58 Chain Barding Armor
29:13 Iron Casting
31:51 Gold Mining
38:01 Imperial Age
41:20 Conscription
43:29 Gold Shaft Mining
43:17 Husbandry
46:13 Blast Furnace
45:48 Plate Barding Armor
46:36 Wheelbarrow
45:47 Town Watch
48:41 Plate Barding Armor
47:54 Cavalier
falcon_br
7:38 Loom
14:07 Feudal Age
15:18 Double-Bit Axe
17:08 Fletching
24:51 Castle Age
23:13 Town Watch
25:09 Padded Archer Armor
24:55 Crossbowman
25:47 Padded Archer Armor
25:46 Bodkin Arrow
32:34 Padded Archer Armor
32:49 Horse Collar
33:30 Bow Saw
35:28 Scale Mail Armor
35:32 Squires
40:18 Wheelbarrow
44:09 Imperial Age
44:11 Thumb Ring
44:11 Arbalester
44:52 Bracer
45:23 Gold Mining
45:52 Hand Cart
46:47 Leather Archer Armor
51:18 Chemistry
50:28 Masonry
52:23 Ballistics
Portel4
12:50 Feudal Age
12:58 Loom
13:55 Double-Bit Axe
17:53 Wheelbarrow
22:03 Castle Age
20:00 Gold Mining
20:45 Scale Barding Armor
21:11 Bloodlines
22:59 Chain Barding Armor
23:09 Horse Collar
28:22 Husbandry
29:28 Bow Saw
29:45 Heavy Plow
31:46 Forging
33:20 Iron Casting
38:45 Imperial Age
39:33 Gold Shaft Mining
38:49 Stone Mining
38:25 Cavalier
39:42 Plate Barding Armor
39:35 Hand Cart
40:45 Conscription
40:21 Heavy Camel Rider
42:03 Blast Furnace
42:54 Two-Man Saw
42:25 Crop Rotation
BRAZILBIKINI
3:20 Loom
14:49 Feudal Age
15:56 Double-Bit Axe
27:50 Castle Age
27:18 Stone Mining
42:34 Wheelbarrow
LzDazz
8:48 Loom
13:07 Feudal Age
13:35 Double-Bit Axe
13:33 Horse Collar
21:27 Castle Age
23:41 Bow Saw
24:04 Scale Mail Armor
25:38 Elite Skirmisher
27:19 Chieftains
34:24 Imperial Age
33:02 Fletching
33:10 Pikeman
33:50 Squires
34:27 Man-at-Arms
34:53 Gambesons
36:00 Forging
36:05 Gold Mining
37:09 Chain Mail Armor
36:51 Bodkin Arrow
37:57 Padded Archer Armor
38:29 Plate Mail Armor
38:29 Town Watch
39:18 Conscription
38:28 Long Swordsman
41:38 Iron Casting
Connection lost

Rejoining the realm…

Still unreachable

The connection could not be restored.

Session expired

The server has moved on; the page needs a fresh start.